 Dungeon Crawl Stone Soup version 0.31.0-32-g396128a36d (webtiles) character file.

Game seed: 9439890293987058578

20817 Peloso the Carver (level 12, -12/106 HPs)
             Began as a Minotaur Fighter on Apr 14, 2024.
             Was a High Priest of Okawaru.
             Mangled by a skeletal warrior
             ... wielding a +0 halberd
              (21 damage)
             ... on level 12 of the Dungeon.
             The game lasted 00:31:15 (13977 turns).

Peloso the Carver (Minotaur Fighter)               Turns: 13977, Time: 00:31:16

Health: -12/106    AC: 22    Str: 22    XL:     12   Next: 48%
Magic:  10/11      EV: 14    Int:  2    God:    Okawaru [*****.]
Gold:   726        SH: 13    Dex: 17    Spells: 11/11 levels left

rFire   . . .        a - +5 long sword of Misery {protect, Int-3 Dex+3 Stlth+}
rCold   . . .        d - +0 buckler
rNeg    . . .        F - +1 chain mail {Will+}
rPois   .            (helmet currently unavailable)
rElec   .            (cloak currently unavailable)
rCorr   +            c - melded +0 pair of gloves
SInv    .            (boots currently unavailable)
Will    +....        H - amulet of reflection
Stlth   ++           t - ring of resist corrosion
HPRegen 0.37/turn    (no ring)
MPRegen 0.12/turn

%: reflection
@: beast-form, heroic, under a protective aura
A: beast (slay +2), horns 2, retaliatory headbutt
a: Begin Untransformation, Renounce Religion, Heroism, Finesse, Duel


You were on level 12 of the Dungeon.
You worshipped Okawaru.
Okawaru was extremely pleased with you.
You were a hulking beast.
You visited 3 branches of the dungeon, and saw 15 of its levels.
You also visited: Ossuary and Bailey.

You collected 1072 gold pieces.
You spent 346 gold pieces at shops.

Inventory:

Hand Weapons
 a - the +5 long sword of Misery (weapon) {protect, Int-3 Dex+3 Stlth+}
   (You bought it in a shop on level 6 of the Dungeon)

   Int-3:     It affects your intelligence (-3).
   Dex+3:     It affects your dexterity (+3).
   Stlth+:    It makes you more stealthy.
 b - a +0 scimitar
Armour
 c - a +0 pair of gloves (melded)
 d - a +0 buckler (worn)
 m - a +0 cloak
 y - a +2 hat
 F - a +1 chain mail of willpower (worn)
Jewellery
 t - a ring of resist corrosion (left hand)
 v - a ring of ice
 x - an amulet of the acrobat
 B - an amulet of faith
 H - an amulet of reflection (around neck)
 O - a ring of see invisible
Talismans
 f - the blade talisman of the Midnight Sun {Will++ rCorr Str-2 SInv}
   (You found it on level 6 of the Dungeon)

   [blade talisman]

   Str-2:     It affects your strength (-2).
   Will++:    It greatly increases your willpower.
   SInv:      It lets you see invisible.
   rCorr:     It protects you from acid and corrosion.
 i - a beast talisman (active)
Wands
 o - a wand of flame (26)
 D - a wand of charming (13)
 P - a wand of digging (11)
Scrolls
 h - a scroll of revelation
 k - a scroll of identify
 l - 2 scrolls of enchant armour
 p - 2 scrolls of teleportation
 A - 3 scrolls of fog
 I - a scroll of silence
 J - 2 scrolls of immolation
 L - 2 scrolls of fear
 M - 2 scrolls of amnesia
 N - a scroll of enchant weapon
 Q - 2 scrolls of butterflies {unknown}
 S - a scroll of blinking
Potions
 e - 2 potions of cancellation
 g - 3 potions of might
 j - 8 potions of brilliance
 n - 6 potions of mutation
 q - 4 potions of resistance
 r - 2 potions of curing
 s - 4 potions of heal wounds
 u - 3 potions of enlightenment
 w - 4 potions of invisibility
 z - a potion of degeneration {unknown}
 C - a potion of attraction {unknown}
 E - a potion of ambrosia {unknown}
 K - 3 potions of berserk rage {unknown}
Miscellaneous
 R - a phial of floods


   Skills:
 + Level 9.9(14.9) Fighting
 + Level 14.4(19.4) Long Blades
 + Level 11.8(16.8) Armour
 + Level 5.9(10.9) Dodging
 + Level 1.7(6.7) Stealth
 + Level 10.6(15.6) Shields
 + Level 0.3 Invocations
 + Level 0.8 Evocations
 + Level 5.0 Shapeshifting


You had 11 spell levels left.
You didn't know any spells.
Your spell library contained the following spells:

 Spells                   Type           Power      Damage    Failure   Level
 Magic Dart               Conj           0%         1d3       95%         1
 Necrotise                Necr           0%         1d4       95%         1
 Blink                    Tloc           0%         N/A       98%         2
 Cigotuvi's Dreadful Rot  Necr/Alch/Air  0%         N/A       98%         2
 Lesser Beckoning         Tloc           0%         N/A       98%         2
 Fugue of the Fallen      Necr           0%         N/A       100%        3
 Gell's Gravitas          Tloc           0%         N/A       100%        3
 Hailstorm                Conj/Ice       0%         3d5       100%        3
 Ozocubu's Armour         Ice            0%         N/A       100%        3
 Teleport Other           Tloc           0%         N/A       100%        3
 Vampiric Draining        Necr           0%         2d6       100%        3
 Dimensional Bullseye     Hex/Tloc       0%         N/A       100%        4
 Ignite Poison            Fire/Alch      0%         N/A       100%        4
 Iskenderun's Mystic Bla  Conj/Tloc      0%         2d3       100%        4
 Manifold Assault         Tloc           0%         N/A       100%        4
 Sticky Flame             Fire/Alch      0%         2d4       100%        4
 Curse of Agony           Necr           0%         N/A       100%        5
 Freezing Cloud           Conj/Ice/Air   0%         6-21      100%        5
 Ignition                 Fire           0%         3d3       100%        8
 Chain Lightning          Conj/Air       0%         N/A       100%        9
 Fire Storm               Conj/Fire      0%         5d1       100%        9
 Shatter                  Erth           0%         3d5*      100%        9
 Call Imp                 Summ           Unusable   N/A       N/A         2
 Summon Ice Beast         Ice/Summ       Unusable   N/A       N/A         3
 Tukima's Dance           Hex            Unusable   N/A       N/A         3
 Martyr's Knell           Necr/Summ      Unusable   N/A       N/A         4
 Sculpt Simulacrum        Ice/Alch       Unusable   N/A       N/A         6

Dungeon Overview and Level Annotations

Branches:
Dungeon (12/15)            Temple (1/1) D:7            Lair (2/5) D:11
    Orc (0/2) D:9         Ossuary (visited)          Bailey (visited)
  Swamp: Lair:2-3    Shoals: Lair:2-3     Snake: Lair:2-3    Spider: Lair:2-3

Altars:
Ashenzari
Cheibriados
Dithmenos
Elyvilon
Fedhas
Gozag
Hepliaklqana
Kikubaaqudgha
Makhleb
Nemelex Xobeh
Okawaru
Qazlal
Ru
Sif Muna
Trog
Uskayaw
Vehumet
Wu Jian
Xom
Yredelemnul
Zin
The Shining One

Shops:
D:3 *   D:6 =!([[

Portals:
Trove: D:11 (give 3 scrolls of blinking)

Annotations:
D:7 1 runed translucent door, Syis's ghost, amateur DECj
D:8 1 runed translucent door, riffraff's ghost, novice AtFi


Innate Abilities, Weirdness & Mutations

You are a hulking beast.
Your limbs bulge with bestial killing power. (Slay +2)
You have a pair of horns on your head.
You reflexively headbutt those who attack you in melee.


Message History

The skeletal warrior is lightly damaged.
The skeletal warrior hits you with a +4 battleaxe!
You barely miss the skeletal warrior.
The skeletal warrior is lightly damaged.
You block the skeletal warrior's attack.
The skeletal warrior hits you with a +4 battleaxe!
You hit the skeletal warrior but do no damage.
You headbutt the skeletal warrior, but do no damage.
The skeletal warrior is lightly damaged.
The skeletal warrior barely misses you.
You hit the skeletal warrior but do no damage.
The skeletal warrior is lightly damaged.
You block the skeletal warrior's attack.
The skeletal warrior hits you from afar with a +0 halberd.
You hit the skeletal warrior.
The skeletal warrior is lightly damaged.
You block the skeletal warrior's attack.
You slash the skeletal warrior!
The skeletal warrior is moderately damaged.
The skeletal warrior hits you but does no damage.
The skeletal warrior hits you with a +4 battleaxe!
You slash the skeletal warrior!
You headbutt the skeletal warrior, but do no damage.
The skeletal warrior is heavily damaged.
The skeletal warrior hits you from afar with a +0 halberd!
You slash the skeletal warrior!
The skeletal warrior is severely damaged.
The skeletal warrior hits you with a +4 battleaxe!!
You hit the skeletal warrior. You headbutt the skeletal warrior.
The skeletal warrior is almost destroyed.
You block the skeletal warrior's attack.
The skeletal warrior hits you with a +4 battleaxe!!
* * * LOW HITPOINT WARNING * * *
You slash the skeletal warrior!
You destroy the skeletal warrior!
Okawaru is honoured by your kill.
You block the skeletal warrior's attack.
Your Shapeshifting skill increases to level 5!
The skeletal warrior hits you with a +0 halberd!!
You die...

#.# #.# #...<. #.#
#.# #...( #.# #.#
#...# #.# #.# #...#
#.# #.# #...# #)#
#.# #...# #)# #.#
#...#
#)#####.########)).#
#..........hzzz)...#
#........########..#
#....[...# #..#
#........# #z.#
#........# #..#
#......<.# #z.#
#........# #..#
#........# #.z#
#........#


You could see 3 skeletal warriors.

Vanquished Creatures
  A vault guard (D:11)
  A boulder beetle (Lair:1)
  A skeletal warrior (D:12)
  Lodul (D:12)
  Pikel (D:8)
  An orc knight (Bailey)
  A cyclops (D:12)
  Maurice (D:8)
  3 elephants (Lair:1)
  A black mamba (Lair:1)
  2 cane toads
  A rime drake (Lair:2)
  A kobold demonologist (D:11)
  2 komodo dragons
  2 trolls
  A hornet (D:9)
  5 blink frogs (Lair:1)
  Prince Ribbit (D:8)
  A wraith (D:12)
  A shadow (D:11)
  15 yaks
  A wyvern (D:9)
  3 steam dragons
  A warg (D:9)
  4 vampire mosquitoes (D:11)
  An acid dragon (D:10)
  5 water moccasins
  5 orc warriors
  3 sky beasts
  3 black bears
  9 ogres
  9 wolves (Lair:1)
  17 centaurs
  2 lemures (D:8)
  2 phantoms (D:5)
  5 kobold brigands
  13 scorpions
  10 bullfrogs
  13 wights
  3 killer bees (D:8)
  4 howler monkeys
  An electric eel (D:11)
  3 jellies
  8 orc priests
  Crazy Yiuf (D:2)
  2 gnoll boudas (D:8)
  A human zombie (Ossuary)
  A hound (D:6)
  3 scorpion zombies (Ossuary)
  Natasha (thrice) (D:4)
  2 orc wizards
  11 hell rats (Lair:1)
  3 mummies (Ossuary)
  20 gnolls
  4 adders
  2 shadow imps (D:5)
  A white imp (D:7)
  2 ufetubi (D:6)
  2 adder zombies (Ossuary)
  2 dart slugs (D:3)
  45 orcs
  4 endoplasms
  A giant cockroach (D:1)
  3 gnoll zombies (Ossuary)
  10 goblins
  11 hobgoblins
  4 jackals (D:2)
  3 quokkas
  9 ball pythons
  3 ball python zombies (Ossuary)
  5 bats
  2 frilled lizards (D:1)
  A jackal zombie (Ossuary)
  24 kobolds
  3 orc zombies (Ossuary)
  7 rats
364 creatures vanquished.

Notes
Turn   | Place    | Note
-------+----------+-------------------------------------------
     0 | D:1      | Peloso the Minotaur Fighter began the quest for the Orb.
     0 | D:1      | Reached XP level 1. HP: 19/19 MP: 0/0
   237 | D:1      | Reached XP level 2. HP: 21/27 MP: 1/1
   574 | D:1      | Reached skill level 3 in Long Blades
   778 | D:2      | Reached XP level 3. HP: 25/33 MP: 2/2
   923 | D:2      | Reached skill level 1 in Dodging
   923 | D:2      | Reached XP level 4. HP: 36/40 MP: 3/3
   946 | D:2      | You fall into a shaft and drop 2 floors!
   946 | D:4      | Found a sand-covered staircase.
   971 | Ossuary  | Entered an ossuary
   992 | Ossuary  | Reached skill level 4 in Long Blades
  1125 | Ossuary  | Noticed a scorpion
  1134 | Ossuary  | Killed a scorpion
  1135 | Ossuary  | Reached skill level 5 in Long Blades
  1135 | Ossuary  | Reached XP level 5. HP: 34/46 MP: 4/4
  1227 | Ossuary  | Reached skill level 1 in Shapeshifting
  1227 | Ossuary  | Reached XP level 6. HP: 38/52 MP: 5/5
  1353 | Ossuary  | Reached skill level 6 in Long Blades
  1429 | Ossuary  | Reached XP level 7. HP: 19/60 MP: 6/6
  1949 | D:4      | Noticed Natasha
  1967 | D:4      | Killed Natasha
  1968 | D:4      | Reached skill level 7 in Long Blades
  1971 | D:4      | Reached skill level 5 in Armour
  2224 | D:4      | Noticed Natasha
  2230 | D:4      | Killed Natasha
  2308 | D:2      | Found a runed translucent door.
  2309 | D:2      | Noticed Crazy Yiuf
  2625 | D:2      | Killed Crazy Yiuf
  2809 | D:3      | Reached skill level 5 in Shields
  3038 | D:3      | Found Ilemueku's Assorted Antiques.
  3040 | D:3      | Reached XP level 8. HP: 67/67 MP: 7/7
  3054 | D:3      | Bought a yellow potion for 15 gold pieces
  3112 | D:3      | Identified the +0 leather armour of the Changing Gods
                  | {Int+5}
  3565 | D:4      | Found a hide-covered altar of Uskayaw.
  3595 | D:4      | Noticed Natasha
  3600 | D:4      | Killed Natasha
  3693 | D:5      | Entered Level 5 of the Dungeon
  3919 | D:3      | Bought a runed chain mail for 127 gold pieces
  3987 | D:5      | Reached skill level 5 in Fighting
  3987 | D:5      | Reached skill level 8 in Long Blades
  4575 | D:5      | Reached skill level 9 in Long Blades
  4760 | D:5      | Found a shadowy altar of Dithmenos.
  4979 | D:6      | Identified the blade talisman of the Midnight Sun {Will++
                  | rCorr Str-2 SInv}
  4992 | D:6      | Found Rool's Jewellery Emporium.
  5063 | D:6      | Reached XP level 9. HP: 65/75 MP: 8/8
  5103 | D:6      | Found a sparkling altar of Nemelex Xobeh.
  5109 | D:6      | Found an ornate altar of the Wu Jian Council.
  5111 | D:6      | Found a broken altar of Ashenzari.
  5111 | D:6      | Found a bloodstained altar of Trog.
  5113 | D:6      | Found a white marble altar of Elyvilon.
  5254 | D:6      | Found Ozohelug's Antique Weapon Shoppe.
  5266 | D:6      | Found Qoxak's Distillery.
  5362 | D:6      | Found Nen Syng's Antique Armour Boutique.
  5411 | D:6      | Found Tolopi's Armour Shop.
  5875 | D:7      | Reached skill level 10 in Long Blades
  6046 | D:7      | Found a glowing silver altar of Zin.
  6103 | D:7      | Found a runed translucent door.
  6104 | D:7      | Noticed Syis's ghost (amateur DECj)
  6104 | D:7      | Noticed a two-headed ogre
  6231 | D:7      | Found a staircase to the Ecumenical Temple.
  6511 | Temple   | Entered the Ecumenical Temple
  6516 | Temple   | Became a worshipper of Warmaster Okawaru
  6689 | D:8      | Noticed a komodo dragon
  6700 | D:8      | Killed a komodo dragon
  6780 | D:8      | Reached * piety under Okawaru
  6811 | D:8      | Found a flagged portal.
  6873 | Bailey   | Entered a bailey
  7086 | Bailey   | Noticed an orc knight
  7114 | Bailey   | Killed an orc knight
  7119 | Bailey   | Reached XP level 10. HP: 32/84 MP: 9/9
  7490 | D:6      | Bought a scorched long sword for 204 gold pieces
  7490 | D:6      | Identified the +5 long sword of Misery {protect, Int-3
                  | Dex+3 Stlth+} (You bought it in a shop on level 6 of the
                  | Dungeon)
  7631 | D:8      | Noticed Prince Ribbit
  7637 | D:8      | Killed Prince Ribbit
  7637 | D:8      | Reached ** piety under Okawaru
  7638 | D:8      | Reached skill level 11 in Long Blades
  7760 | D:8      | Found a runed translucent door.
  7763 | D:8      | Noticed riffraff's ghost (novice AtFi)
  7850 | D:8      | Noticed Pikel
  7864 | D:8      | Killed Pikel
  7932 | D:8      | Noticed Maurice
  7941 | D:8      | Killed Maurice
  7977 | D:8      | Reached *** piety under Okawaru
  8180 | D:8      | Reached skill level 12 in Long Blades
  8329 | D:9      | Found a staircase to the Orcish Mines.
  8585 | D:9      | Reached skill level 1 in Stealth
  8796 | D:9      | Found a shimmering altar of Xom.
  8859 | D:9      | Found an opulent altar of Gozag.
  9064 | D:9      | Reached **** piety under Okawaru
  9518 | D:10     | Entered Level 10 of the Dungeon
  9831 | D:10     | Reached XP level 11. HP: 77/94 MP: 10/10
 10012 | D:10     | Reached skill level 13 in Long Blades
 10026 | D:10     | Reached skill level 10 in Armour
 10028 | D:10     | Reached ***** piety under Okawaru
 10789 | D:11     | Found a staircase to the Lair.
 11060 | D:11     | Noticed a vault guard
 11071 | D:11     | Killed a vault guard
 11072 | D:11     | Reached skill level 5 in Dodging
 11077 | D:11     | Found a portal to a secret trove of treasure.
 11192 | Lair:1   | Entered Level 1 of the Lair of Beasts
 11302 | Lair:1   | Noticed a boulder beetle
 11341 | Lair:1   | Killed a boulder beetle
 11341 | Lair:1   | Received a gift from Okawaru
 11342 | Lair:1   | Reached skill level 14 in Long Blades
 12488 | Lair:1   | Reached XP level 12. HP: 64/104 MP: 11/11
 13297 | Lair:2   | Reached skill level 10 in Shields
 13381 | Lair:2   | Noticed a five-headed hydra
 13486 | D:12     | Noticed Lodul
 13516 | D:11     | Received a gift from Okawaru
 13695 | D:12     | Killed Lodul
 13977 | D:12     | Reached skill level 5 in Shapeshifting
 13977 | D:12     | Mangled by a skeletal warrior

Illustrated notes

Levels and vault maps discovered:
D:1:      dpeg_chamrin_arrival_tetris, layout_basic, minmay_hexomino_r4
D:2:      layout_rooms, kennysheep_generic_room_4, uniq_crazy_yiuf_cottage
D:3:      layout_basic, serial_shops, shop, minivault_5, st_stairs_8
D:4:      layout_rooms, mainiacjoe_overflow_alcove_4, enter_ossuary_1,
          uniq_natasha
D:5:      layout_basic, marbit_many_paths
D:6:      layout_basic, grunt_temple_overflow_open, serial_shops, shop, shop,
          shop, nicolae_shop_dealshenge, nicolae_shop_overgrown_old_shop,
          minivault_22
D:7:      layout_gridville, mainiacjoe_overflow_catwalk,
          minmay_temple_entry_glassed_door, ebering_ghost_inner_flame
D:8:      layout_loops_cross, enter_bailey_3, hellmonk_ghost_happy_afterlife,
          nicolae_grassy_gnolls, uniq_pikel, uniq_prince_ribbit1, uniq_maurice
D:9:      layout_basic, mainiacjoe_overflow_alcove_2, overflow_temple_1_default,
          david_orc_3
D:10:     layout_long_grid, serial_rivers, chequers_serial_rivers_micro_a,
          chequers_serial_rivers_micro_a, chequers_serial_rivers_small_b,
          chequers_serial_rivers_small_3
D:11:     layout_irregular_city, lair_entry_dummy, enter_trove_5,
          serial_column_ruins, column_ruins_hut, column_ruins_hut_ruined,
          column_ruins_open_medium_water, column_ruins_grid_1,
          column_ruins_columns_water, hangedman_decor_lopped
D:12:     nzn_winding_woodlands_cross [nzn_winding_woodlands_5x15_jagged,
          nzn_winding_woodlands_5x15_longhouse,
          nzn_winding_woodlands_5x15_twine,
          nzn_winding_woodlands_5x15_concentric,
          nzn_winding_woodlands_15x15_thick_spiral], layout_long_grid,
          uniq_lodul, uniq_kirke
Temple:   nicolae_temple_ecumenical_triangle
Lair:1:   layout_long_grid
Lair:2:   layout_cave_pods, minmay_shoals_entry_hut, gammafunk_ghost_hive,
          grunt_megastairs_3, uniq_fannar

Skill      XL: |  1  2  3  4  5  6  7  8  9 10 11 12 |
---------------+-------------------------------------+-----
Armour         | 4 5 7 9 11 | 11.8
Shields        | 4 5 6 8 9 10 | 10.6
Long Blades    | 3 5 6 7 9 10 12 14 | 14.4
Dodging        | 1 2 3 4 5 |  5.9
Fighting       | 4 5 6 7 9 |  9.9
Shapeshifting  | 1 2 3 4 5 |  5.0
Stealth        | 1 |  1.7
Invocations    | |  0.3
Evocations     | |  0.8

Action                     |  1- 3 |  4- 6 |  7- 9 | 10-12 || total
---------------------------+-------+-------+-------+-------++-------
  Melee: Long sword        |    74 |    77 |   388 |   546 ||  1085
         Headbutt          |    14 |    17 |    70 |   144 ||   245
 Invoke: Heroism           |       |       |     1 |     3 ||     4
  Evoke: Wand              |       |       |     8 |     2 ||    10
    Use: Scroll            |     1 |       |    16 |     7 ||    24
         Potion            |       |       |     6 |     3 ||     9
 Armour: Scale mail        |    64 |    48 |    71 |       ||   183
         Chain mail        |       |       |   177 |   308 ||   485
  Dodge: Dodged            |    51 |    39 |   143 |   183 ||   416
  Block: Buckler           |    28 |    19 |   163 |   306 ||   516
         Reflection        |       |       |     2 |    20 ||    22
   Form: Beast             |     1 |       |       |       ||     1
